 Dungeon Crawl Stone Soup version 0.27-a0-46-g34d46f0a3f (webtiles) character file.

Game seed: 6161249531250688166

1796 Borgoz the Ducker (level 9, 0/78 HPs)
             Began as a Ghoul Gladiator on Jan 7, 2021.
             Was an Initiate of Ashenzari.
             Slain by a steam dragon (6 damage)
             ... on level 6 of the Dungeon.
             The game lasted 00:07:56 (6135 turns).

Borgoz the Ducker (Ghoul Gladiator)                 Turns: 6135, Time: 00:07:57

Health: 0/78       AC:  7    Str: 18 (20) XL:     9   Next: 9%
Magic:  8/8        EV: 13    Int:  2 (3)  God:    Ashenzari [......]
Gold:   293        SH:  0    Dex:  8 (11) Spells: 8/8 levels left

rFire    . . .     SeeInvis .     - Unarmed
rCold    + . .     Faith    .   (no shield)
rNeg     + + +     Spirit   .   e - +0 ring mail
rPois    ∞         Reflect  .   b - +0 helmet
rElec    .         Harm     .   (no cloak)
rCorr    .         Rampage  .   (no gloves)
Will     .....                  (no boots)
Stlth    ..........             (no amulet)
HPRegen  0.00/turn              (no ring)
MPRegen  0.11/turn              (no ring)

@: attractive, studying Fighting
A: claws 1, cold resistance 1, negative energy resistance 3, inhibited
regeneration, torment resistance, unbreathing
a: Renounce Religion, Curse Item


You were on level 6 of the Dungeon.
You worshipped Ashenzari.
Ashenzari was noncommittal.
You visited 2 branches of the dungeon, and saw 8 of its levels.

You collected 293 gold pieces.

Inventory:

Hand Weapons
 j - the +5 flail "Coczynt" {vorpal, Dex+3}
   (You found it on level 6 of the Dungeon)

   It inflicts extra damage upon your enemies.
   It affects your dexterity (+3).
Missiles
 c - 2 throwing nets (quivered)
Armour
 b - a +0 helmet (worn)
 e - a +0 ring mail (worn)
Jewellery
 l - an uncursed amulet of the acrobat
Wands
 n - a wand of polymorph (5)
 p - a wand of disintegration (9)
Scrolls
 d - 5 scrolls of remove curse
 i - 3 scrolls of teleportation
Potions
 g - a potion of cancellation
 h - a potion of attraction
Books
 a - a manual of Fighting


   Skills:
 + Level 6.4 Fighting
 - Level 1.7 Throwing
 * Level 5.9 Armour
 * Level 6.6 Dodging
 + Level 6.0 Unarmed Combat


You had 8 spell levels left.
You didn't know any spells.
Your spell library contained the following spells:

 Spells                   Type           Power        Failure   Level
 Beastly Appendage        Tmut           Unusable     N/A         1
 Wereblood                Tmut           Unusable     N/A         2
 Spider Form              Tmut/Pois      Unusable     N/A         3
 Ice Form                 Ice/Tmut       Unusable     N/A         4
 Blade Hands              Tmut           Unusable     N/A         5

Dungeon Overview and Level Annotations

Branches:
Dungeon (7/15)             Temple (1/1) D:6

Altars:
Ashenzari
Cheibriados
Dithmenos
Elyvilon
Fedhas
Gozag
Hepliaklqana
Kikubaaqudgha
Nemelex Xobeh
Okawaru
Ru
Sif Muna
Trog
Uskayaw
Vehumet
Wu Jian
Yredelemnul


Innate Abilities, Weirdness & Mutations

You thrive by killing the living.
You are immune to poison.
You have sharp fingernails.
Your flesh is cold resistant. (rC+)
You are immune to negative energy. (rN+++)
You do not regenerate when monsters are visible.
You are immune to unholy pain and torment.
You can survive without breathing.


Message History

The steam dragon barely misses you. The steam dragon misses you.
You scratch the steam dragon but do no damage.
The steam dragon is heavily wounded.
The steam dragon closely misses you. x2
It was a potion of attraction.
You feel attractive to monsters. The steam dragon barely misses you.
The steam dragon closely misses you.
It was a potion of berserk rage.
You cannot raise a blood rage in your lifeless body.
The steam dragon breathes steam at you. The ball of steam misses you.
It was a potion of degeneration.
There was something very wrong with that liquid.
You feel weakened.
You feel dopey.
You feel clumsy.
You are engulfed in a cloud of scalding steam.
* * * LOW HITPOINT WARNING * * *
The steam dragon completely misses you. The steam dragon claws you.
* * * LOW HITPOINT WARNING * * *
The steam dragon bites you.
You die...

###### ##....### #########
##........ ##...#.>†## #....#...#
#########.......@§## #.....#.#.
..>...##........D§)# ##..#..#...
......##...........####....##....
.....[##...........((##.......>..
......###.........##÷......#....#
#...### ##..(#...######...#....#.
......## ##############...#..#.#.
.......# #_'....##....##...#
.......##########................


You could see a steam dragon.

Vanquished Creatures
  The ghost of Borgoz the Skirmisher, an amateur DrAK of Lugonu (D:5)
  Eustachio (D:5)
  Menkaure (D:5)
  A sky beast (D:5)
  A phantom (D:4)
  A centaur (D:6)
  3 bullfrogs (D:6)
  3 scorpions
  A howler monkey (D:6)
  A wight (D:6)
  A jelly (D:5)
  4 hounds
  2 orc priests
  A bullfrog skeleton (D:5)
  3 worker ants
  4 orc wizards
  A howler monkey zombie (D:5)
  5 adders
  A white imp (D:5)
  3 ufetubi
  2 oozes
  An adder skeleton (D:6)
  An adder zombie (D:5)
  4 worms
  The ghost of Alarkh the Sneak, a weakling DsDe (D:5)
  2 dart slugs
  4 leopard geckos
  18 orcs
  9 bats
  6 giant cockroaches
  11 goblins
  9 hobgoblins
  10 jackals
  5 kobolds
  3 quokkas
  A ball python zombie (D:5)
  7 frilled lizards
  2 quokka skeletons
  A quokka zombie (D:6)
  2 rats
138 creatures vanquished.

Vanquished Creatures (others)
  A jackal (D:6)
  A plant (Temple)
  5 toadstools (D:1)
7 creatures vanquished.

Grand Total: 145 creatures vanquished

Notes
Turn   | Place    | Note
-------+----------+-------------------------------------------
     0 | D:1      | Borgoz the Ghoul Gladiator began the quest for the Orb.
     0 | D:1      | Reached XP level 1. HP: 17/17 MP: 0/0
   316 | D:1      | Reached XP level 2. HP: 24/24 MP: 1/1
   615 | D:2      | Reached skill level 1 in Armour
   780 | D:2      | Reached XP level 3. HP: 26/30 MP: 2/2
  1314 | D:2      | Found a radiant altar of Vehumet.
  1497 | D:2      | Reached XP level 4. HP: 37/37 MP: 3/3
  1876 | D:3      | Found a bloodstained altar of Trog.
  1912 | D:3      | Reached XP level 5. HP: 40/45 MP: 4/4
  2241 | D:3      | Found a shimmering blue altar of Sif Muna.
  2322 | D:4      | Reached XP level 6. HP: 23/51 MP: 5/5
  2493 | D:4      | Noticed a phantom
  2519 | D:4      | Killed a phantom
  2658 | D:4      | Found a sparkling altar of Nemelex Xobeh.
  2819 | D:4      | Found an opulent altar of Gozag.
  2846 | D:4      | Reached XP level 7. HP: 44/58 MP: 6/6
  3251 | D:5      | Entered Level 5 of the Dungeon
  3634 | D:5      | Reached skill level 5 in Dodging
  4264 | D:5      | Reached skill level 5 in Unarmed Combat
  4338 | D:5      | Found a runed translucent gate.
  4339 | D:5      | Found a runed translucent gate.
  4340 | D:5      | Found a runed translucent gate.
  4365 | D:5      | Reached XP level 8. HP: 60/67 MP: 7/7
  4458 | D:5      | Identified a scroll of acquirement
  4458 | D:5      | Acquired a manual of Fighting
  4534 | D:5      | Noticed Menkaure
  4534 | D:5      | Noticed Eustachio
  4543 | D:5      | Killed Menkaure
  4558 | D:5      | Killed Eustachio
  4559 | D:5      | Reached skill level 5 in Fighting
  4801 | D:5      | Noticed Alarkh's ghost (weakling DsDe)
  4801 | D:5      | Noticed Borgoz's ghost (amateur DrAK)
  4820 | D:5      | Killed Borgoz's ghost
  4821 | D:5      | Reached skill level 5 in Armour
  4825 | D:5      | Killed Alarkh's ghost
  5269 | D:6      | Found a staircase to the Ecumenical Temple.
  5296 | Temple   | Entered the Ecumenical Temple
  5457 | D:6      | Got a transparent flail
  5463 | D:6      | Found a broken altar of Ashenzari.
  5484 | D:6      | Became a worshipper of Ashenzari the Shackled
  5701 | D:6      | Found an iron altar of Okawaru.
  5759 | D:6      | Found a white marble altar of Elyvilon.
  5839 | D:6      | Reached XP level 9. HP: 9/75 MP: 8/8
  6135 | D:6      | Slain by a steam dragon

Illustrated notes

Levels and vault maps discovered:
D:1:      ldierk_walled_garden, layout_basic, st_stairs_3
D:2:      cheibrodos_greedy_goblins, layout_rooms, vehumet_crystals
D:3:      layout_rooms, led_sif_pool, general_overflow_altar,
          minmay_misc_feat_enclosed
D:4:      layout_cave_pools, nemelex_xobeh_ov_fountains_minmay, grunt_decor_cap,
          grunt_gozag_statues
D:5:      layout_basic, nicolae_overflow_hidden_temple,
          gammafunk_ghost_cemetery, uniq_menkaure, uniq_eustachio
D:6:      layout_rooms, kennysheep_mini, evilmike_ruin_ashenzari,
          old_standard_altar, minmay_temple_entry_mini_moons,
          hangedman_decor_points, chequers_mini_garden
D:7:      layout_rooms, grunt_temple_overflow_order_and_chaos_2, uniq_joseph,
          uniq_duvessa
Temple:   cyrus_temple_forest

Skill      XL: |  1  2  3  4  5  6  7  8  9 |
---------------+----------------------------+-----
Dodging        | 3 4 5 6 |  6.6
Armour         | 1 2 3 4 5 |  5.9
Fighting       | 3 4 6 |  6.4
Unarmed Combat | 4 5 6 |  6.0
Throwing       | |  1.7

Action                   |  1- 3 |  4- 6 |  7- 9 || total
-------------------------+-------+-------+-------++-------
Melee: Unarmed           |   144 |   213 |   356 ||   713
       Punch             |     2 |     3 |     6 ||    11
Throw: Throwing net      |       |       |     1 ||     1
  Use: Scroll            |     1 |     1 |     7 ||     9
       Potion            |       |       |    12 ||    12
Armor: Leather armour    |    14 |       |       ||    14
       Ring mail         |    38 |    93 |   169 ||   300
Dodge: Dodged            |    82 |   157 |   340 ||   579

Table legend: (Time is in decaauts)
 A = Elapsed time spent in this place.
 B = Non-inter-level travel time spent in this place.
 C = Inter-level travel time spent in this place.
 D = Time resting spent in this place.
 E = Time spent auto-exploring this place.
 F = Levels seen in this place.
 G = Mean time per level.
                   A        B        C        D        E       F      G
               +--------+--------+--------+--------+--------+-----+--------+
         Total |   6079 |   5883 |    196 |   1122 |   3650 |   8 |  759.9 |
       Dungeon |   5962 |   5801 |    161 |   1122 |   3592 |   7 |  851.7 |
        Temple |    116 |     81 |     35 |      0 |     58 |   1 |  116.0 |
               +--------+--------+--------+--------+--------+-----+--------+

Top non-repeatable levels by time:
     D:5: 1749 daAuts
     D:2: 1002 daAuts
     D:6: 968 daAuts
     D:4: 949 daAuts
     D:3: 680 daAuts
     D:1: 592 daAuts
  Temple: 116 daAuts
     D:7: 19 daAuts
